[ PARTIDA AOE2 · #457269174 ]
1v1 RMMagiares vs Japanese
Equipo del jugador · DERR
Equipo rival · VICT
[ ANÁLISIS DE REPETICIÓN · EXTRAÍDO DE LA PARTIDA GRABADA ]
Feudal
10:42
Castillos
25:37
Imperial
—
| APM promedio | 51.0 |
| APM pico | 89 |
| eAPM promedio | 29.3 |
| Aldeanos / militares | 221 / 202 |
Foco
⚔️ 33.9% · 🌾 66.1%
Knight ×92 · Militia ×66 · Scout Cavalry ×44 · Fishing Ship ×37
Feudal
10:00
Castillos
21:30
Imperial
37:56
| APM promedio | 65.9 |
| APM pico | 98 |
| eAPM promedio | 39.7 |
| Aldeanos / militares | 148 / 217 |
Foco
⚔️ 33.5% · 🌾 66.5%
Spearman ×91 · Archer ×89 · Samurai ×20 · Fishing Ship ×11 · Militia ×11 · Trebuchet (Packed) ×5
Mapa de la partida
Recursos al inicio + cada clic de construcción. Línea gruesa = muro · recuadro discontinuo = muro de casas detectado. 🟡 oro · ⚪ piedra · 🟢 bayas · 🔶 jabalí · ⭕ reliquia
Inputs por minuto
— ITA | Carma - - Ux'el noruego
Build order — ITA | Carma
Primeras 150 de 702 acciones detectadas
| 0:00 | Crear | Villager (Male) |
| 0:01 | Crear | Villager (Male) |
| 0:01 | Crear | Villager (Male) |
| 0:01 | Crear | Villager (Male) |
| 0:02 | Crear | Villager (Male) |
| 0:03 | Construir | House |
| 0:04 | Construir | House |
| 1:24 | Crear | Villager (Male) |
| 1:25 | Crear | Villager (Male) |
| 1:44 | Construir | Lumber Camp |
| 1:58 | Crear | Villager (Male) |
| 2:13 | Crear | Villager (Male) |
| 2:44 | Crear | Villager (Male) |
| 2:59 | Crear | Villager (Male) |
| 2:59 | Crear | Villager (Male) |
| 3:37 | Construir | House |
| 3:42 | Crear | Villager (Male) |
| 4:02 | Crear | Villager (Male) |
| 4:02 | Crear | Villager (Male) |
| 4:28 | Crear | Villager (Male) |
| 4:28 | Crear | Villager (Male) |
| 4:39 | Construir | Dock |
| 5:16 | Crear | Villager (Male) |
| 5:19 | Crear | Fishing Ship |
| 5:21 | Construir | House |
| 5:35 | Crear | Villager (Male) |
| 5:35 | Crear | Villager (Male) |
| 5:45 | Crear | Fishing Ship |
| 5:50 | Crear | Villager (Male) |
| 5:51 | Crear | Villager (Male) |
| 6:08 | Crear | Villager (Male) |
| 6:08 | Crear | Villager (Male) |
| 6:23 | Crear | Fishing Ship |
| 6:33 | Crear | Villager (Male) |
| 6:44 | Construir | House |
| 7:05 | Crear | Fishing Ship |
| 7:08 | Investigar | Loom |
| 7:35 | Construir | House |
| 7:48 | Crear | Villager (Male) |
| 7:50 | Crear | Fishing Ship |
| 8:32 | Investigar | Feudal Age |
| 8:38 | Construir | Barracks |
| 9:19 | Construir | Palisade Wall |
| 9:47 | Construir | Dock |
| 10:03 | Crear | Villager (Male) |
| 10:24 | Crear | Fishing Ship |
| 10:28 | Construir | House |
| 10:42 | Edad | Edad Feudal |
| 10:43 | Construir | Stable |
| 10:44 | Construir | Stable |
| 10:52 | Investigar | Double-Bit Axe |
| 10:57 | Construir | House |
| 10:59 | Crear | Villager (Male) |
| 11:06 | Crear | Fishing Ship |
| 11:08 | Crear | Fishing Ship |
| 11:17 | Crear | Scout Cavalry |
| 11:37 | Crear | Villager (Male) |
| 11:40 | Construir | Dock |
| 11:47 | Crear | Fishing Ship |
| 12:00 | Crear | Fishing Ship |
| 12:04 | Construir | House |
| 12:07 | Crear | Scout Cavalry |
| 12:26 | Crear | Villager (Male) |
| 12:50 | Crear | Villager (Male) |
| 12:59 | Construir | Lumber Camp |
| 13:05 | Crear | Scout Cavalry |
| 13:07 | Crear | Fishing Ship |
| 13:12 | Construir | House |
| 13:25 | Crear | Villager (Male) |
| 13:27 | Crear | Scout Cavalry |
| 13:44 | Crear | Fishing Ship |
| 13:52 | Crear | Villager (Male) |
| 13:53 | Crear | Fishing Ship |
| 13:53 | Crear | Fishing Ship |
| 14:09 | Construir | Lumber Camp |
| 14:15 | Crear | Villager (Male) |
| 14:15 | Crear | Fishing Ship |
| 14:23 | Crear | Scout Cavalry |
| 14:39 | Crear | Villager (Male) |
| 14:39 | Crear | Fishing Ship |
| 14:40 | Crear | Fishing Ship |
| 14:42 | Crear | Scout Cavalry |
| 14:56 | Crear | Scout Cavalry |
| 15:11 | Crear | Villager (Male) |
| 15:13 | Crear | Fishing Ship |
| 15:14 | Crear | Fishing Ship |
| 15:24 | Crear | Fishing Ship |
| 15:25 | Crear | Scout Cavalry |
| 15:25 | Crear | Scout Cavalry |
| 15:39 | Crear | Villager (Male) |
| 15:47 | Construir | Stable |
| 15:55 | Crear | Fishing Ship |
| 15:57 | Crear | Scout Cavalry |
| 16:03 | Crear | Villager (Male) |
| 16:05 | Crear | Fishing Ship |
| 16:08 | Construir | House |
| 16:18 | Crear | Scout Cavalry |
| 16:19 | Crear | Scout Cavalry |
| 16:23 | Construir | House |
| 16:40 | Crear | Villager (Male) |
| 16:45 | Crear | Scout Cavalry |
| 16:45 | Crear | Scout Cavalry |
| 16:54 | Crear | Fishing Ship |
| 16:54 | Crear | Fishing Ship |
| 16:55 | Crear | Fishing Ship |
| 16:56 | Crear | Fishing Ship |
| 17:03 | Construir | Blacksmith |
| 17:06 | Crear | Scout Cavalry |
| 17:06 | Crear | Scout Cavalry |
| 17:17 | Crear | Fishing Ship |
| 17:23 | Crear | Villager (Male) |
| 17:23 | Crear | Villager (Male) |
| 17:42 | Investigar | Scale Barding Armor |
| 17:48 | Crear | Scout Cavalry |
| 17:48 | Crear | Scout Cavalry |
| 17:51 | Construir | Stable |
| 17:57 | Construir | Mining Camp |
| 18:00 | Crear | Scout Cavalry |
| 18:00 | Crear | Scout Cavalry |
| 18:08 | Crear | Villager (Male) |
| 18:12 | Construir | House |
| 18:29 | Crear | Scout Cavalry |
| 18:30 | Crear | Scout Cavalry |
| 18:31 | Crear | Villager (Male) |
| 18:35 | Construir | Stable |
| 18:37 | Crear | Scout Cavalry |
| 18:40 | Crear | Scout Cavalry |
| 18:46 | Construir | Watch Tower |
| 18:57 | Crear | Scout Cavalry |
| 18:57 | Crear | Scout Cavalry |
| 19:12 | Crear | Scout Cavalry |
| 19:16 | Construir | Stable |
| 19:22 | Crear | Villager (Male) |
| 19:29 | Investigar | Bloodlines |
| 19:40 | Crear | Villager (Male) |
| 19:42 | Construir | Lumber Camp |
| 19:45 | Crear | Scout Cavalry |
| 19:45 | Crear | Scout Cavalry |
| 19:53 | Crear | Scout Cavalry |
| 19:55 | Construir | House |
| 20:05 | Crear | Scout Cavalry |
| 20:08 | Crear | Fishing Ship |
| 20:08 | Crear | Fishing Ship |
| 20:08 | Crear | Fishing Ship |
| 20:10 | Crear | Villager (Male) |
| 20:12 | Construir | House |
| 20:27 | Crear | Scout Cavalry |
| 20:29 | Crear | Villager (Male) |
| 20:31 | Construir | House |
| 20:39 | Construir | House |
Build order — Ux'el noruego
Primeras 150 de 515 acciones detectadas
| 0:01 | Crear | Villager (Male) |
| 0:02 | Construir | House |
| 0:02 | Construir | House |
| 0:13 | Crear | Villager (Male) |
| 0:14 | Crear | Villager (Male) |
| 0:20 | Crear | Villager (Male) |
| 1:11 | Construir | Dock |
| 1:26 | Investigar | Loom |
| 1:57 | Crear | Fishing Ship |
| 2:18 | Crear | Villager (Male) |
| 2:19 | Crear | Villager (Male) |
| 2:41 | Crear | Villager (Male) |
| 2:41 | Crear | Villager (Male) |
| 3:04 | Crear | Villager (Male) |
| 3:04 | Crear | Villager (Male) |
| 3:20 | Construir | Lumber Camp |
| 3:31 | Crear | Villager (Male) |
| 3:53 | Crear | Villager (Male) |
| 4:11 | Crear | Villager (Male) |
| 4:17 | Construir | House |
| 4:42 | Crear | Villager (Male) |
| 4:50 | Construir | Palisade Wall |
| 4:51 | Construir | Palisade Wall |
| 5:14 | Crear | Villager (Male) |
| 5:19 | Crear | Fishing Ship |
| 5:31 | Crear | Villager (Male) |
| 5:54 | Crear | Fishing Ship |
| 6:02 | Crear | Villager (Male) |
| 6:07 | Construir | House |
| 6:18 | Crear | Villager (Male) |
| 6:38 | Crear | Villager (Male) |
| 6:45 | Construir | Mining Camp |
| 6:51 | Crear | Villager (Male) |
| 7:50 | Investigar | Feudal Age |
| 7:50 | Investigar | Feudal Age |
| 8:00 | Construir | Barracks |
| 8:15 | Construir | House |
| 8:40 | Construir | House |
| 8:45 | Construir | House |
| 8:46 | Construir | Palisade Wall |
| 8:49 | Crear | Militia |
| 8:50 | Crear | Militia |
| 8:50 | Crear | Militia |
| 8:51 | Construir | Mill |
| 9:02 | Construir | House |
| 9:32 | Construir | Palisade Wall |
| 9:33 | Construir | Palisade Wall |
| 9:38 | Crear | Militia |
| 9:47 | Crear | Fishing Ship |
| 9:50 | Crear | Villager (Male) |
| 10:00 | Edad | Edad Feudal |
| 10:00 | Investigar | Man-at-Arms (upgrade) |
| 10:01 | Investigar | Man-at-Arms (upgrade) |
| 10:01 | Investigar | Man-at-Arms (upgrade) |
| 10:04 | Crear | Villager (Male) |
| 10:19 | Crear | Militia |
| 10:23 | Investigar | Double-Bit Axe |
| 10:36 | Crear | Fishing Ship |
| 10:36 | Crear | Fishing Ship |
| 10:36 | Crear | Fishing Ship |
| 10:49 | Crear | Villager (Male) |
| 10:59 | Crear | Villager (Male) |
| 11:23 | Crear | Fishing Ship |
| 11:32 | Crear | Villager (Male) |
| 11:45 | Crear | Villager (Male) |
| 11:52 | Crear | Villager (Male) |
| 12:21 | Construir | Archery Range |
| 12:28 | Crear | Villager (Male) |
| 12:32 | Construir | House |
| 12:32 | Construir | Palisade Wall |
| 12:36 | Crear | Spearman |
| 12:37 | Crear | Spearman |
| 12:39 | Construir | House |
| 12:43 | Construir | Palisade Gate |
| 12:44 | Construir | House |
| 12:45 | Construir | Palisade Wall |
| 12:49 | Crear | Villager (Male) |
| 13:24 | Crear | Militia |
| 13:29 | Crear | Villager (Male) |
| 13:37 | Crear | Villager (Male) |
| 13:38 | Crear | Archer |
| 13:43 | Crear | Militia |
| 13:53 | Investigar | Arson |
| 13:55 | Crear | Villager (Male) |
| 14:00 | Construir | Palisade Wall |
| 14:02 | Construir | House |
| 14:09 | Crear | Fishing Ship |
| 14:16 | Crear | Archer |
| 14:20 | Crear | Villager (Male) |
| 14:34 | Crear | Villager (Male) |
| 14:34 | Crear | Archer |
| 14:44 | Construir | House |
| 14:45 | Construir | House |
| 14:46 | Construir | House |
| 14:52 | Crear | Spearman |
| 14:52 | Crear | Spearman |
| 14:56 | Construir | House |
| 14:57 | Construir | Palisade Wall |
| 15:00 | Construir | House |
| 15:01 | Construir | House |
| 15:08 | Crear | Villager (Male) |
| 15:16 | Construir | Palisade Gate |
| 15:24 | Construir | House |
| 15:27 | Construir | House |
| 15:32 | Crear | Villager (Male) |
| 15:44 | Construir | Farm |
| 15:44 | Construir | Farm |
| 15:45 | Construir | Farm |
| 15:47 | Construir | Farm |
| 15:48 | Construir | Farm |
| 15:52 | Crear | Archer |
| 15:56 | Construir | Blacksmith |
| 16:02 | Crear | Villager (Male) |
| 16:10 | Construir | Farm |
| 16:15 | Crear | Archer |
| 16:25 | Construir | House |
| 16:30 | Crear | Spearman |
| 16:47 | Investigar | Fletching |
| 16:53 | Crear | Villager (Male) |
| 17:02 | Crear | Villager (Male) |
| 17:06 | Construir | Market |
| 17:18 | Crear | Villager (Male) |
| 17:21 | Construir | Farm |
| 17:22 | Construir | Farm |
| 17:24 | Crear | Fishing Ship |
| 17:53 | Crear | Villager (Male) |
| 18:02 | Construir | Farm |
| 18:03 | Construir | Farm |
| 18:11 | Construir | Lumber Camp |
| 18:44 | Crear | Archer |
| 18:50 | Investigar | Castle Age |
| 18:51 | Investigar | Castle Age |
| 19:02 | Construir | Archery Range |
| 19:27 | Crear | Archer |
| 19:46 | Crear | Archer |
| 19:57 | Crear | Archer |
| 19:57 | Crear | Archer |
| 20:15 | Crear | Archer |
| 20:15 | Crear | Archer |
| 20:34 | Investigar | Padded Archer Armor |
| 21:29 | Crear | Archer |
| 21:29 | Crear | Archer |
| 21:30 | Edad | Edad de los Castillos |
| 21:37 | Crear | Archer |
| 21:37 | Crear | Archer |
| 21:40 | Crear | Villager (Male) |
| 21:40 | Crear | Villager (Male) |
| 21:43 | Construir | Town Center |
| 21:48 | Construir | Town Center |
| 21:52 | Crear | Villager (Male) |
Cronología de la partida
| 1:11 | Ux'el noruego · first_building Dock |
| 4:39 | ITA | Carma · first_building Dock |
| 4:50 | Ux'el noruego · wall_segment Palisade Wall x1 |
| 4:51 | Ux'el noruego · wall_segment Palisade Wall x1 |
| 8:00 | Ux'el noruego · first_building Barracks |
| 8:38 | ITA | Carma · first_building Barracks |
| 8:46 | Ux'el noruego · wall_segment Palisade Wall x4 |
| 9:19 | ITA | Carma · wall_segment Palisade Wall x1 |
| 9:32 | Ux'el noruego · wall_segment Palisade Wall x5 |
| 9:33 | Ux'el noruego · wall_segment Palisade Wall x7 |
| 10:00 | Ux'el noruego · age_up feudal |
| 10:42 | ITA | Carma · age_up feudal |
| 10:43 | ITA | Carma · first_building Stable |
| 12:21 | Ux'el noruego · first_building Archery Range |
| 12:32 | Ux'el noruego · wall_segment Palisade Wall x10 |
| 12:45 | Ux'el noruego · wall_segment Palisade Wall x9 |
| 14:00 | Ux'el noruego · wall_segment Palisade Wall x1 |
| 14:57 | Ux'el noruego · wall_segment Palisade Wall x10 |
| 18:39 | Ux'el noruego · first_market_buy 100 food |
| 21:30 | Ux'el noruego · age_up castle |
| 23:56 | Ux'el noruego · wall_segment Palisade Wall x2 |
| 25:37 | ITA | Carma · age_up castle |
| 28:10 | Ux'el noruego · wall_segment Palisade Wall x1 |
| 28:11 | Ux'el noruego · wall_segment Palisade Wall x1 |
| 33:30 | Ux'el noruego · first_building Monastery |
| 33:38 | ITA | Carma · first_building Castle |
| 34:03 | ITA | Carma · first_building Monastery |
| 35:39 | Ux'el noruego · first_building Castle |
| 36:30 | ITA | Carma · first_market_buy 100 stone |
| 37:56 | Ux'el noruego · age_up imperial |
| 38:31 | Ux'el noruego · first_market_sell 100 food |
| 46:20 | ITA | Carma · resign |
[ ANÁLISIS IA · 1 CRÉDITO ]
¿Qué pasó realmente en esta partida?
Wolo.gg analiza cada decisión: build order, eco, micro, errores típicos por bracket. Análisis personalizado por WhatsApp o Discord en 30 segundos.
Guía civ
Magiares
Guía mapa
Four Lakes
Perfil
ITA | Carma